 Dungeon Crawl Stone Soup version 0.29-a0-298-g3c90f9a769 (webtiles) character file.

Game seed: 3405243815620642829

46 Dabor the Stinger (level 3, -2/19 HPs)
             Began as a Deep Elf Venom Mage on Mar 23, 2022.
             Was a Believer of Lugonu.
             Slain by a kobold
             ... wielding a +0 short sword
              (3 damage)
             ... on level 2 of the Dungeon.
             The game lasted 00:02:32 (1514 turns).

Dabor the Stinger (Deep Elf Venom Mage)             Turns: 1514, Time: 00:02:33

Health: -2/19      AC:  2    Str:  5    XL:     3   Next: 46%
Magic:  5/10       EV: 13    Int: 27    God:    Lugonu [**....]
Gold:   34         SH:  0    Dex: 15    Spells: 8/9 levels left

rFire   . . .      SeeInvis .   (no weapon)
rCold   . . .      Faith    .   (no shield)
rNeg    . . .      Spirit   .   a - +0 robe
rPois   .          Reflect  .   (no helmet)
rElec   .          Harm     .   (no cloak)
rCorr   .          Rampage  .   (no gloves)
Will    .....                   (no boots)
Stlth   ++........              (no amulet)
HPRegen 0.06/turn               i - +6 ring of intelligence
MPRegen 0.12/turn               (no ring)

@: very slightly contaminated
A: no striking features
a: Renounce Religion, Depart the Abyss, Bend Space


You were on level 2 of the Dungeon.
You worshipped Lugonu.
Lugonu was pleased with you.
You visited 1 branch of the dungeon, and saw 2 of its levels.

You collected 34 gold pieces.

Inventory:

Armour
 a - a +0 robe (worn)
Jewellery
 h - an amulet of guardian spirit
 i - a +6 ring of intelligence (left hand)
Scrolls
 c - a scroll of summoning {unknown}
 e - 3 scrolls of vulnerability {unknown}
 g - a scroll of brand weapon {unknown}
 j - 2 scrolls of identify {unknown}
 k - a scroll of enchant armour {unknown}
 m - a scroll of teleportation {unknown}
Potions
 d - a potion of cancellation {unknown}
 f - a potion of brilliance {unknown}
 l - a potion of curing {unknown}


   Skills:
 + Level 3.0 Dodging
 + Level 3.1 Stealth
 + Level 3.6 Spellcasting
 + Level 1.9 Transmutations
 + Level 3.6 Poison Magic


You had 8 spell levels left.
You knew the following spells:

 Your Spells              Type           Power      Damage    Failure   Level
a - Sting                 Tmut/Pois      80%        1d7       2%          1

Your spell library contained the following spells:

 Spells                   Type           Power      Damage    Failure   Level
 Poisonous Vapours        Pois/Air       28%        N/A       6%          2
 Ignite Poison            Fire/Tmut/Pois 14%        N/A       12%         3
 Mephitic Cloud           Conj/Pois/Air  11%        N/A       16%         3
 Olgreb's Toxic Radiance  Pois           24%        N/A       19%         4
 Fireball                 Conj/Fire      2%         3d4       93%         5
 Freezing Cloud           Conj/Ice/Air   2%         6-21      93%         5
 Iskenderun's Battlesphe  Conj           4%         2d6       93%         5
 Conjure Ball Lightning   Conj/Air       2%         3x3d6     100%        6
 Orb of Destruction       Conj           2%         9d5       100%        7


Dungeon Overview and Level Annotations

Branches:
Dungeon (2/15)

Altars:
Lugonu


Message History

* * * LOW HITPOINT WARNING * * *
Casting: Sting (safe; 2% risk of failure)
Confirm with . or Enter, or press ? or * to list all spells.
Aiming: Sting (safe; 2% risk of failure)
Press: ? - help, Shift-Dir - straight line, f/p - orc
Aim: an orc, wielding a +0 morningstar (heavily wounded, poisoned, 74% to hit)
The sting hits the orc.
The orc looks even sicker.
The orc is almost dead.
You kill the orc!
Lugonu accepts your kill.
Casting: Sting (safe; 2% risk of failure)
Confirm with . or Enter, or press ? or * to list all spells.
Aiming: Sting (safe; 2% risk of failure)
Press: ? - help, Shift-Dir - straight line, f - kobold
Aim: a kobold, wielding a +0 short sword and quivering stones (70% to hit)
The sting misses the kobold.
The kobold closely misses you.
Casting: Sting (safe; 2% risk of failure)
Confirm with . or Enter, or press ? or * to list all spells.
Aiming: Sting (safe; 2% risk of failure)
Press: ? - help, Shift-Dir - straight line, f/p - kobold
Aim: a kobold, wielding a +0 short sword and quivering stones (70% to hit)
The sting misses the kobold.
The kobold hits you but does no damage.
Casting: Sting (safe; 2% risk of failure)
Confirm with . or Enter, or press ? or * to list all spells.
Aiming: Sting (safe; 2% risk of failure)
Press: ? - help, Shift-Dir - straight line, f/p - kobold
Aim: a kobold, wielding a +0 short sword and quivering stones (70% to hit)
You miscast Sting.
You are very lightly contaminated with residual magic.
Nothing appears to happen.
The kobold hits you with a +0 short sword.
* * * LOW HITPOINT WARNING * * *
Casting: Sting (safe; 2% risk of failure)
Confirm with . or Enter, or press ? or * to list all spells.
Aiming: Sting (safe; 2% risk of failure)
Press: ? - help, Shift-Dir - straight line, f/p - kobold
Aim: a kobold, wielding a +0 short sword and quivering stones (70% to hit)
The sting misses the kobold.
The kobold hits you with a +0 short sword.
You die...

### ######### #.#
......[.# ####.#
#@# #....# #K#
#.##.# #.# #.##.#
#)# #.##.# #)#
#.##.# #.# #.##.#
# #.## #.#...
..#o####..# #.###.
...S......########
#.#.#)


You could see a kobold.

Vanquished Creatures
  An adder (D:2)
  3 orcs (D:2)
  An endoplasm (D:2)
  3 goblins
  2 hobgoblins
  7 jackals
  4 quokkas
  3 ball pythons
  3 bats (D:1)
  2 frilled lizards
  A kobold (D:2)
30 creatures vanquished.

Notes
Turn   | Place    | Note
-------+----------+-------------------------------------------
     0 | D:1      | Dabor the Deep Elf Venom Mage began the quest for the Orb.
     0 | D:1      | Reached XP level 1. HP: 10/10 MP: 6/6
   394 | D:1      | Reached XP level 2. HP: 15/15 MP: 4/8
   894 | D:1      | Found a faded altar of an unknown god.
   903 | D:1      | Prayed at the altar of an unknown god.
   903 | D:1      | Became a worshipper of Lugonu the Unformed
   903 | D:1      | Reached * piety under Lugonu
   903 | D:1      | Reached ** piety under Lugonu
  1453 | D:2      | Reached XP level 3. HP: 19/19 MP: 6/9
  1514 | D:2      | Slain by a kobold

Illustrated notes

Levels and vault maps discovered:
D:1:      dpeg_arrival_solitude, layout_loops_ring,
          dreamdust_ecumenical_altar_statues, hangedman_decor_diamond_cutter,
          minmay_small_reverse_x
D:2:      layout_basic, minmay_split_cup_large, uniq_robin

Skill      XL: |  1  2  3 |
---------------+----------+-----
Stealth        | 3 |  3.1
Dodging        | 3 |  3.0
Spellcasting   | |  3.6
Transmutations | |  1.9
Poison Magic   | |  3.6

Action                   || total
-------------------------++-------
Melee: Unarmed           ||     2
 Cast: Sting             ||    59
  Use: Potion            ||     1
Armor: Robe              ||     3
Dodge: Dodged            ||    23

Table legend: (Time is in decaauts)
 A = Elapsed time spent in this place.
 B = Non-inter-level travel time spent in this place.
 C = Inter-level travel time spent in this place.
 D = Time resting spent in this place.
 E = Time spent auto-exploring this place.
 F = Levels seen in this place.
 G = Mean time per level.
                   A        B        C        D        E       F      G
               +--------+--------+--------+--------+--------+-----+--------+
         Total |   1513 |   1468 |     45 |    147 |   1122 |   2 |  756.5 |
       Dungeon |   1513 |   1468 |     45 |    147 |   1122 |   2 |  756.5 |
               +--------+--------+--------+--------+--------+-----+--------+

Top non-repeatable levels by time:
     D:1: 949 daAuts
     D:2: 564 daAuts
